 Dungeon Crawl Stone Soup version 0.21.1-1-g345015f (webtiles) character file.

145 aMcNicky the Skirmisher (level 5, 0/47 HPs)
             Began as a Minotaur Fighter on Mar 3, 2018.
             Slain by Sigmund
             ... wielding a +0 scythe
              (6 damage)
             ... on level 3 of the Dungeon.
             The game lasted 00:04:43 (2391 turns).

aMcNicky the Skirmisher (Minotaur Fighter)          Turns: 2391, Time: 00:04:44

Health: 0/47       AC:  8    Str: 21    XL:     5   Next: 6%
Magic:  4/4        EV:  7    Int:  5    God:
Gold:   172        SH:  9    Dex: 10    Spells: 4/4 levels left

rFire    . . .     SeeInvis .   a - +0 flail
rCold    . . .     Gourm    .   c - +0 shield
rNeg     . . .     Faith    .   b - +0 scale mail
rPois    .         Spirit   .   (helmet restricted)
rElec    .         Reflect  .   k - +0 cloak
rCorr    .         Harm     .   (no gloves)
MR       .....                  (no boots)
Stlth    ..........             (no amulet)
HPRegen  0.15/turn              (no ring)
MPRegen  0.09/turn              (no ring)

@: no status effects
A: retaliatory headbutt, horns 2
a: no special abilities


You were on level 3 of the Dungeon.
You were not hungry.

You visited 1 branch of the dungeon, and saw 3 of its levels.

You collected 172 gold pieces.

Inventory:

Hand Weapons
 a - a +0 flail (weapon)
Armour
 b - a +0 scale mail (worn)
 c - a +0 shield (worn)
 g - a +1 cloak
 k - a +0 cloak (worn)
Jewellery
 h - an uncursed ring of positive energy {unknown}
 l - an uncursed ring of ice {unknown}
Scrolls
 e - a scroll of identify {unknown}
 j - a scroll of noise {unknown}
 m - a scroll of enchant armour {unknown}
 n - a scroll of amnesia {unknown}
Potions
 d - a potion of might
 i - 2 potions of heal wounds {unknown}
 o - 2 potions of invisibility {unknown}
Books
 p - a book of Ice

   Spells                             Type                      Level
   a - Ice Form                       Ice/Transmutation            4
   b - Metabolic Englaciation         Hexes/Ice                    5
   c - Ozocubu's Refrigeration        Ice                          6
   d - Bolt of Cold                   Conjuration/Ice              6
   e - Freezing Cloud                 Conjuration/Ice/Air          6
   f - Simulacrum                     Ice/Necromancy               6
Comestibles
 f - 4 rations
 q - 4 chunks of flesh


   Skills:
 + Level 4.7 Fighting
 + Level 3.7 Maces & Flails
 + Level 4.6 Armour
 + Level 4.7 Shields


You had 4 spell levels left.
You didn't know any spells.

Dungeon Overview and Level Annotations

Branches:
Dungeon (3/15)

Altars:

Annotations:
D:3 Sigmund


Innate Abilities, Weirdness & Mutations

You reflexively headbutt those who attack you in melee.
You have a pair of horns on your head.


Message History

You closely miss something. Your headbutt misses something. Something hits you!
* * * LOW HITPOINT WARNING * * *
You hit something. Something hits you.
* * * LOW HITPOINT WARNING * * *
Your shield and scale mail prevent you from hitting something.
You hear some strange, mumbled words.
Something tries to affect you, but you resist.
You closely miss something.
You feel less confused. Something hits you.
* * * LOW HITPOINT WARNING * * *
You closely miss something. Something hits you but does no damage.
You hit something but do no damage.
You hear some strange, mumbled words.
A magic dart appears from out of thin air!
The magic dart hits you!
* * * LOW HITPOINT WARNING * * *
You barely miss something. Something hits you but does no damage.
You sock something! Your headbutt misses something. Something hits you.
You die...

#...#.......
#############...#.......
#...........#...#.......
#.#########.#...†.......
####.# #.####.##.####
.....# #.#..........#
##############.#.##..#.####
#)..........#{##....#
####.###########@##.#..#
.....# #.........##......
.....# #.##########..#.#..
.....# #.# #..#>#### .....#
#.# #..#.# .....###.#
.........# .....#####
######


There were no monsters in sight!

Vanquished Creatures
  Crazy Yiuf (D:2)
  Natasha (D:3)
  4 adders (D:2)
  An ooze (D:2)
  2 worms
  4 dart slugs
  4 leopard geckos
  2 bats
  2 giant cockroaches
  2 goblins
  2 hobgoblins (D:1)
  2 jackals (D:1)
  3 kobolds
  A quokka (D:2)
  2 frilled lizards (D:2)
  7 rats
40 creatures vanquished.

Notes
Turn   | Place    | Note
-------+----------+-------------------------------------------
     0 | D:1      | aMcNicky the Minotaur Fighter began the quest for the Orb.
     0 | D:1      | Reached XP level 1. HP: 19/19 MP: 0/0
   214 | D:1      | You fall through a shaft!
   301 | D:2      | Reached XP level 2. HP: 17/27 MP: 1/1
   620 | D:2      | Reached XP level 3. HP: 28/33 MP: 2/2
  1776 | D:2      | Reached XP level 4. HP: 41/41 MP: 3/3
  2013 | D:2      | Found a runed door.
  2115 | D:2      | Noticed Crazy Yiuf
  2124 | D:2      | Killed Crazy Yiuf
  2320 | D:3      | Noticed Natasha
  2323 | D:3      | Killed Natasha
  2323 | D:3      | Reached XP level 5. HP: 47/47 MP: 4/4
  2356 | D:3      | Noticed Sigmund
  2391 | D:3      | Slain by Sigmund

Skill      XL: |  1  2 |
---------------+-------+-----
Fighting       | 4 |  4.7
Maces & Flails | 3 |  3.7
Armour         | 4 |  4.6
Shields        | 4 |  4.7

Action                   |  1- 3 |  4- 6 || total
-------------------------+-------+-------++-------
Melee: Flail             |   102 |    39 ||   141
       Headbutt          |    12 |     4 ||    16
  Eat: Chunk             |     3 |     2 ||     5
Armor: Scale mail        |    36 |    12 ||    48
Dodge: Dodged            |    19 |     6 ||    25
Block: Shield            |    52 |    10 ||    62
